AoeStats
← Chaos

Lombardia

509735616Analyzed
4v4 RM · 4d ago on Sep 27, 2026· 43m 59s· 8 players
Game mode
Random Map
Map size
Large (8 player)
Population
200
Speed
Normal
Resources
Standard
Victory
Conquest
Starting age
Dark Age
Ending age
Imperial Age
RankedLock teamsTeams togetherTeam positionsShared explorationLock speedFull tech treeHidden civsTurbo modeCheats
Victory
Defeat
🇦🇷 Berbers · Argentina
1959
+6
🇦🇺 Varangians · Australia
1862
+9
🇧🇪 Danes · Belgium
1815
+10
🇨🇦 Spanish · Canada
1660
+15
🇦🇷 Persians · Argentina
1725
-12
🇦🇷 Mongols · Argentina
1718
-11
🇦🇷 Bengalis · Argentina
1684
-10
🇦🇷 Georgians · Argentina
1606
-7
Chaos
10:25 Feudal Age
14:34 Castle Age
12:36 Double-Bit Axe
12:57 Horse Collar
18:59 Bow Saw
21:37 Wheelbarrow
22:27 Gold Mining
23:24 Hand Cart
24:08 Heavy Plow
28:55 Imperial Age
26:37 Scale Mail Armor
26:48 Forging
28:12 Chain Mail Armor
29:17 Squires
28:59 Pikeman
30:25 Plate Mail Armor
30:31 Iron Casting
30:45 Conscription
30:15 Loom
30:35 Arson
30:36 Gambesons
30:14 Halberdier
30:51 Onager
33:29 Blast Furnace
34:36 Chemistry
33:47 Masonry
33:58 Ballistics
33:30 Fletching
33:47 Siege Onager
34:38 Murder Holes
36:33 Siege Engineers
36:26 Northmen's Fury
0653599
8:30 Loom
12:49 Feudal Age
13:37 Double-Bit Axe
16:31 Castle Age
14:28 Horse Collar
15:35 Fletching
17:11 Bodkin Arrow
17:33 Bow Saw
18:29 Bloodlines
22:57 Husbandry
23:20 Ballistics
24:38 Padded Archer Armor
26:56 Heavy Plow
30:42 Wheelbarrow
30:48 Stone Mining
30:49 Gold Mining
32:36 Hand Cart
36:14 Imperial Age
33:55 Caravan
36:25 Cranequins
37:25 Leather Archer Armor
37:14 Bracer
38:21 Chemistry
38:35 Coinage
37:48 Heavy Mounted Crossbowman
39:51 Elite Genitour
40:51 Leather Archer Armor
42:02 Ring Archer Armor
42:42 Banking
44:11 Two-Man Saw
44:41 Stone Shaft Mining
Gary_zZ
6:28 Loom
8:50 Feudal Age
9:26 Double-Bit Axe
9:41 Horse Collar
13:36 Wheelbarrow
18:11 Castle Age
16:14 Gold Mining
19:33 Bow Saw
19:24 Heavy Plow
24:06 Stone Mining
25:31 Stone Shaft Mining
26:51 Gold Shaft Mining
27:38 Hand Cart
32:03 Imperial Age
30:03 Ballistics
29:39 Fletching
29:41 Treadmill Crane
30:22 Caravan
30:42 Bodkin Arrow
30:50 Padded Archer Armor
30:56 Husbandry
31:35 Kasbah
32:13 Thumb Ring
32:18 Bloodlines
32:57 Bracer
33:58 Chemistry
33:50 Elite Camel Archer
34:53 Conscription
36:03 Leather Archer Armor
40:00 Fortified Wall
40:21 Ring Archer Armor
42:51 Crop Rotation
Aron
5:16 Loom
10:49 Feudal Age
15:52 Castle Age
14:45 Double-Bit Axe
16:53 Bow Saw
20:12 Horse Collar
24:07 Wheelbarrow
23:17 Town Watch
24:21 Heavy Plow
24:53 Gold Mining
24:54 Stone Mining
27:10 Hand Cart
30:14 Imperial Age
30:13 Caravan
32:23 Supremacy
31:27 Cavalier
32:30 Scale Barding Armor
32:36 Forging
32:38 Bloodlines
32:29 Husbandry
33:52 Chain Barding Armor
34:49 Iron Casting
35:44 Plate Barding Armor
35:47 Iron Casting
36:51 Illumination
37:03 Theocracy
36:30 Inquisition
36:50 Conscription
36:57 Block Printing
36:08 Paladin
36:49 Fletching
38:02 Chemistry
37:22 Ballistics
37:18 Fervor
37:29 Sanctity
38:04 Redemption
42:33 Bombard Tower
42:24 Masonry
42:13 Bodkin Arrow
[Ne0] Nicolas del Caño
5:21 Loom
7:55 Feudal Age
10:40 Horse Collar
18:11 Castle Age
16:10 Double-Bit Axe
19:01 Bow Saw
19:49 Wheelbarrow
19:20 Heavy Plow
24:55 Husbandry
25:56 Hand Cart
26:25 Gold Mining
26:25 Stone Mining
30:39 Imperial Age
29:03 Gold Shaft Mining
29:03 Stone Shaft Mining
29:46 Scale Barding Armor
29:51 Forging
30:33 Bloodlines
30:37 Kamandaran
31:06 Chain Barding Armor
30:35 Elite War Elephant
31:36 Conscription
31:52 Hoardings
32:58 Plate Barding Armor
32:58 Iron Casting
33:31 Town Watch
35:34 Fletching
36:45 Blast Furnace
38:08 Bodkin Arrow
38:28 Masonry
38:38 Ballistics
39:19 Chemistry
40:04 Architecture
39:52 Caravan
40:04 Guilds
[Ne0] Javier Milei
5:09 Loom
8:27 Feudal Age
9:04 Double-Bit Axe
11:47 Horse Collar
18:15 Castle Age
16:44 Forging
17:28 Bloodlines
18:15 Scale Barding Armor
20:12 Bow Saw
20:03 Heavy Plow
20:43 Wheelbarrow
23:01 Husbandry
27:03 Chain Barding Armor
29:06 Svan Towers
30:41 Stone Mining
30:43 Gold Mining
33:48 Imperial Age
33:09 Iron Casting
33:02 Guard Tower
33:08 Murder Holes
33:55 Fletching
34:19 Masonry
34:50 Elite Monaspa
35:18 Treadmill Crane
36:37 Ballistics
36:54 Plate Barding Armor
37:43 Blast Furnace
40:28 Conscription
40:13 Aznauri Cavalry
40:07 Bodkin Arrow
41:13 Chemistry
41:00 Hand Cart
40:52 Caravan
43:16 Architecture
[Ne0] Fidel Castro
8:55 Loom
10:58 Feudal Age
12:51 Double-Bit Axe
15:26 Castle Age
14:30 Horse Collar
16:57 Wheelbarrow
16:35 Bow Saw
18:27 Fletching
21:04 Bodkin Arrow
25:33 Hand Cart
26:01 Padded Archer Armor
26:39 Husbandry
27:11 Ballistics
27:08 Town Watch
27:47 Heavy Plow
29:12 Bloodlines
29:46 Gold Mining
29:48 Stone Mining
30:59 Leather Archer Armor
32:14 Gold Shaft Mining
32:15 Stone Shaft Mining
34:18 Imperial Age
33:27 Thumb Ring
34:38 Gold Shaft Mining
35:03 Bracer
36:08 Chemistry
36:30 Conscription
36:55 Parthian Tactics
36:14 Elite Mangudai
39:26 Hoardings
41:46 Hoardings
42:30 Scale Barding Armor
43:06 Coinage
42:37 Caravan
43:23 Fortified Wall
43:25 Masonry
[Ne0] Carlos Menem
10:22 Loom
12:11 Feudal Age
12:09 Loom
16:25 Castle Age
15:15 Double-Bit Axe
15:35 Horse Collar
21:12 Fletching
24:16 Wheelbarrow
23:26 Town Watch
25:26 Bow Saw
29:55 Imperial Age
28:04 Heavy Plow
29:32 Ballistics
29:08 Bodkin Arrow
29:41 Padded Archer Armor
30:26 Masonry
30:27 Fortified Wall
30:40 Paiks
30:16 Elite Elephant Archer
32:32 Hand Cart
33:44 Chemistry
34:31 Bracer
35:07 Conscription
35:11 Leather Archer Armor
36:09 Elite Skirmisher
37:24 Ring Archer Armor
38:47 Caravan
Connection lost

Rejoining the realm…

Still unreachable

The connection could not be restored.

Session expired

The server has moved on; the page needs a fresh start.